 Dungeon Crawl Stone Soup version 0.30-a0-793-g160f7cfddd (webtiles) character file.

Game seed: 5911130909486392377

123 bande the Covered (level 5, 0/33 HPs)
             Began as a Gargoyle Fighter on Feb 20, 2023.
             Slain by an orc wizard
             ... wielding a +0 dagger
              (2 damage)
             ... on level 3 of the Dungeon.
             The game lasted 00:03:06 (1885 turns).

bande the Covered (Gargoyle Fighter)                Turns: 1885, Time: 00:03:07

Health: 0/33       AC: 11    Str: 20    XL:     5   Next: 7%
Magic:  5/5        EV:  9    Int:  8    God:
Gold:   79         SH:  0    Dex: 11    Spells: 4/4 levels left

rFire   . . .      SeeInvis .    a - +0 war axe
rCold   . . .      Faith    .    c - +0 buckler
rNeg    + . .      Spirit   .    b - +0 scale mail
rPois   ∞          Reflect  .    (no helmet)
rElec   +          Harm     .    (no cloak)
rCorr   .          Rampage  .    (no gloves)
Will    .....                    (no boots) Stlth
                                 (no amulet)
HPRegen 0.25/turn                (no ring)
MPRegen 0.09/turn                (no ring)

@: confused
A: sickness immunity, AC +4, negative energy resistance 1, electricity
resistance, torment resistance 1, petrification resistance
a: no special abilities


You were on level 3 of the Dungeon.
You visited 1 branch of the dungeon, and saw 4 of its levels.

You collected 79 gold pieces.

Inventory:

Hand Weapons
 a - a +0 war axe (weapon)
 n - a +0 flail
Missiles
 l - a throwing net (quivered)
Armour
 b - a +0 scale mail (worn)
 c - a +0 buckler (worn)
Jewellery
 o - a +4 ring of protection
Wands
 p - a wand of charming (7)
Scrolls
 e - a scroll of blinking {unknown}
 f - 5 scrolls of teleportation {unknown}
 g - a scroll of enchant armour {unknown}
 i - a scroll of identify {unknown}
 m - a scroll of summoning {unknown}
Potions
 d - a potion of might
 h - a potion of attraction {unknown}
 j - 3 potions of curing {unknown}
 k - 2 potions of mutation {unknown}
 q - a potion of heal wounds {unknown}
 r - a potion of lignification {unknown}


   Skills:
 + Level 3.7 Fighting
 + Level 3.4 Axes
 + Level 4.1 Armour
 + Level 3.6 Shields
 * Level 0.1 Evocations


You had 4 spell levels left.
You didn't know any spells.
Your spell library contained the following spells:

 Spells                   Type           Power      Damage    Failure   Level
 Magic Dart               Conj           0%         1d3       85%         1
 Slow                     Hex            0%         N/A       85%         1
 Searing Ray              Conj           0%         2d4       94%         2
 Confusing Touch          Hex            0%         N/A       99%         3
 Vampiric Draining        Necr           0%         2d6       99%         3
 Fulminant Prism          Conj/Hex       0%         3d5       100%        4


Dungeon Overview and Level Annotations

Branches:
Dungeon (4/15)
 Temple: D:4-7

Altars:


Innate Abilities, Weirdness & Mutations

You are immune to sickness and miasma.
Your stone body is resilient. (AC +4)
You are immune to poison.
You resist negative energy. (rN+)
You are resistant to electric shocks. (rElec)
You are resistant to unholy torment.
You are immune to petrification.


Message History

The magic dart hits you!
You feel less confused. Something hits you but does no damage.
You hear some strange, mumbled words.
Something tries to affect you, but you resist.
You miss something.
You hear some strange, mumbled words.
A puff of flame appears from out of thin air!
The puff of flame hits you.
You closely miss something. Something hits you but does no damage.
You closely miss something. You block something's attack.
Something hits you but does no damage.
You miss something.
You hear some strange, mumbled words.
A magic dart appears from out of thin air!
The magic dart hits you.
You closely miss something. Something hits you but does no damage.
You barely miss something.
Something hits you but does no damage. x2
You miss something. Something hits you but does no damage.
You miss something. You block something's attack.
You hear some strange, mumbled words.
A puff of flame appears from out of thin air!
The puff of flame misses you.
You hit something.
You hear some strange, mumbled words.
A magic dart appears from out of thin air!
The magic dart hits you!
* * * LOW HITPOINT WARNING * * *
You miss something. You block something's attack.
You hear some strange, mumbled words.
You are confused.
You hear some strange, mumbled words.
A magic dart appears from out of thin air!
The magic dart hits you.
* * * LOW HITPOINT WARNING * * *
Something hits you but does no damage. Something hits you but does no damage.
You see here 7 gold pieces.
Something hits you.
You die...

######## #......# #
#.####.##
.####.###.###$..#######
..........##@{.).......
......##..##...)######
.#### ##..##.#.##
##...##.#.#
##.#..##.#.#
#<###.##.#.#
##.#..##.#.# .......#.#
#..#####.#


There were no monsters in sight!

Vanquished Creatures
  A hound (D:4)
  An iguana (D:4)
  An adder (D:2)
  A dart slug (D:1)
  2 worms (D:2)
  2 orcs (D:3)
  7 ball pythons
  7 endoplasms
  2 giant cockroaches (D:1)
  3 goblins
  2 hobgoblins (D:1)
  3 jackals (D:1)
  A quokka (D:3)
  4 bats
  5 frilled lizards
  5 kobolds
  6 rats
53 creatures vanquished.

Notes
Turn   | Place    | Note
-------+----------+-------------------------------------------
     0 | D:1      | bande the Gargoyle Fighter began the quest for the Orb.
     0 | D:1      | Reached XP level 1. HP: 14/14 MP: 1/1
   186 | D:1      | Reached XP level 2. HP: 18/19 MP: 2/2
   218 | D:1      | Found a faded altar of an unknown god.
   571 | D:1      | Reached XP level 3. HP: 23/23 MP: 3/3
   990 | D:2      | You fall into a shaft and drop 2 floors!
  1003 | D:4      | Reached skill level 4 in Armour
  1003 | D:4      | Reached XP level 4. HP: 28/28 MP: 4/4
  1681 | D:2      | Reached XP level 5. HP: 32/33 MP: 5/5
  1885 | D:3      | Slain by an orc wizard

Illustrated notes

Levels and vault maps discovered:
D:1:      moated_graveyard_arrival, layout_basic, basic_ecumenical_altar
D:2:      layout_loops_ring, grunt_ministairs_7
D:3:      layout_loops_ring, okawaru_trees_2, serial_park_tiny_pond,
          guppyfry_early_lair_pool
D:4:      layout_gridville, gammafunk_temple_overflow_statue, led_sif_pool,
          minmay_temple_entry_antechambers, serial_co_window_serial,
          co_window_of_opportunity_a, co_window_paths_b, co_window_corner_a,
          co_window_corner_a, co_window_paths_a, co_window_cross_1,
          co_window_of_opportunity_a, co_window_unsneaky_path_d,
          co_window_cross_4, co_window_corner_b, co_window_of_opportunity_c,
          co_window_broadway_b, co_window_cross_2, co_window_4corner_b,
          glass_columns_a, glass_columns_a, serial_shops, shop

Skill      XL: |  1  2  3  4 |
---------------+-------------+-----
Axes           | 2 3 |  3.4
Armour         | 4 |  4.1
Fighting       | |  3.7
Shields        | |  3.6
Evocations     | |  0.1

Action                     |  1- 3 |  4- 6 || total
---------------------------+-------+-------++-------
  Melee: War axe           |    94 |    74 ||   168
 Armour: Scale mail        |    61 |    44 ||   105
  Dodge: Dodged            |    46 |    30 ||    76
  Block: Buckler           |    16 |    13 ||    29

Table legend: (Time is in decaauts)
 A = Elapsed time spent in this place.
 B = Non-inter-level travel time spent in this place.
 C = Inter-level travel time spent in this place.
 D = Time resting spent in this place.
 E = Time spent auto-exploring this place.
 F = Levels seen in this place.
 G = Mean time per level.
                   A        B        C        D        E       F      G
               +--------+--------+--------+--------+--------+-----+--------+
         Total |   1954 |   1906 |     48 |    140 |   1295 |   4 |  488.5 |
       Dungeon |   1954 |   1906 |     48 |    140 |   1295 |   4 |  488.5 |
               +--------+--------+--------+--------+--------+-----+--------+

Top non-repeatable levels by time:
     D:1: 909 daAuts
     D:2: 854 daAuts
     D:3: 152 daAuts
     D:4: 38 daAuts
